 Dungeon Crawl Stone Soup version 0.23-a0-270-gab6feb3 (webtiles) character file.

102 epen the Ducker (level 4, -2/27 HPs)
             Began as a Deep Elf Monk on Oct 1, 2018.
             Slain by Grinder (5 damage)
             ... while paralysed by Grinder
             ... on level 3 of the Dungeon.
             The game lasted 00:03:15 (1958 turns).

epen the Ducker (Deep Elf Monk)                     Turns: 1958, Time: 00:03:16

Health: -2/27      AC:  3    Str:  8    XL:     4   Next: 49%
Magic:  6/6        EV:  2    Int: 15    God:
Gold:   96         SH:  0    Dex: 18    Spells: 3/3 levels left

rFire    . . .     SeeInvis .   a - +0 short sword
rCold    . . .     Gourm    .   (no shield)
rNeg     . . .     Faith    .   b - +0 robe
rPois    .         Spirit   .   o - +0 helmet
rElec    .         Reflect  .   (no cloak)
rCorr    .         Harm     .   (no gloves)
MR       .....                  (no boots)
Stlth    +++.......             (no amulet)
HPRegen  0.09/turn              h - +5 ring of slaying
MPRegen  0.10/turn              (no ring)

@: paralysed
A: no striking features
a: no special abilities


You were on level 3 of the Dungeon.
You were not hungry.

You visited 1 branch of the dungeon, and saw 3 of its levels.

You collected 96 gold pieces.

Inventory:

Hand Weapons
 a - a +0 short sword (weapon)
Armour
 b - a +0 robe (worn)
 o - a +0 helmet (worn)
Jewellery
 h - a +5 ring of slaying (left hand)
Scrolls
 d - a scroll of amnesia {unknown}
 e - a scroll of fog {unknown}
 g - 4 scrolls of identify {unknown}
 i - 2 scrolls of enchant weapon {unknown}
 j - 2 scrolls of teleportation {unknown}
 p - a scroll of noise {unknown}
Potions
 f - 2 potions of heal wounds {unknown}
 k - a potion of berserk rage {unknown}
 l - a potion of agility {unknown}
 n - 2 potions of ambrosia {unknown}
Comestibles
 c - 2 rations
 m - 2 chunks of flesh


   Skills:
 + Level 2.9 Fighting
 * Level 4.0 Short Blades
 + Level 4.3 Dodging
 + Level 3.5 Stealth


You had 3 spell levels left.
You didn't know any spells.
Your spell library was empty.

Dungeon Overview and Level Annotations

Branches:
Dungeon (3/15)

Altars:
Hepliaklqana
Trog
Yredelemnul

Annotations:
D:3 Grinder


Message History

You climb downwards.
Grinder comes into view.
There is a stone staircase leading up here.
The helpless Grinder fails to defend herself.
You impale Grinder!!
Grinder is heavily wounded.
You hit Grinder.
Grinder is severely wounded.
Grinder hits you!
You writhe in agony.
You puncture Grinder!
Grinder is almost dead.
Grinder gestures at you.
You suddenly lose the ability to move!
Grinder hits you.
You writhe in agony.
* * * LOW HITPOINT WARNING * * *
Grinder gestures at you. Pain shoots through your body!
* * * LOW HITPOINT WARNING * * *
Grinder hits you.
You die...

#.# #.#
#.# #.#
#.# #.#
#.# #<#
#@#
#....5#
#######


You could see Grinder.

Vanquished Creatures
  Jessica (D:2)
  Robin (D:2)
  An adder (D:2)
  2 worms (D:2)
  A leopard gecko (D:2)
  A bat (D:1)
  2 giant cockroaches (D:2)
  12 goblins
  6 hobgoblins
  3 jackals (D:2)
  A quokka (D:2)
  3 frilled lizards
  8 kobolds
  4 rats
46 creatures vanquished.

Notes
Turn   | Place    | Note
-------+----------+-------------------------------------------
     0 | D:1      | epen the Deep Elf Monk began the quest for the Orb.
     0 | D:1      | Reached XP level 1. HP: 13/13 MP: 3/3
   359 | D:1      | Reached XP level 2. HP: 5/18 MP: 4/4
  1184 | D:2      | Reached XP level 3. HP: 20/22 MP: 5/5
  1236 | D:2      | Found a hazy altar of Hepliaklqana.
  1339 | D:2      | Noticed Robin
  1367 | D:2      | Killed Robin
  1371 | D:2      | Reached XP level 4. HP: 12/27 MP: 6/6
  1593 | D:2      | Found a basalt altar of Yredelemnul.
  1596 | D:2      | Found a bloodstained altar of Trog.
  1817 | D:2      | Noticed Jessica
  1820 | D:2      | Killed Jessica
  1951 | D:3      | Noticed Grinder
  1955 | D:3      | Paralysed by Grinder for 3 turns
  1958 | D:3      | Slain by Grinder

Vault maps used:
D:1:      dpeg_arrival_water_altar, minivault_11
D:2:      nicolae_overflow_crystal_walls, minitemple, first_ration,
          minmay_misc_feat_ornament, uniq_robin, uniq_jessica
D:3:      dancing_weapons_uskayaw, kennysheep_okawaru_gauntlet, uniq_grinder

Skill      XL: |  1  2  3  4 |
---------------+-------------+-----
Stealth        | 3 |  3.5
Dodging        | 4 |  4.3
Short Blades   | 4 |  4.0
Fighting       | |  2.9

Action                   |  1- 3 |  4- 6 || total
-------------------------+-------+-------++-------
Melee: Short sword       |   109 |    12 ||   121
 Stab: Sleeping          |     7 |     5 ||    12
       Distracted        |     1 |       ||     1
  Eat: Chunk             |     1 |     2 ||     3
Armor: Robe              |    11 |       ||    11
Dodge: Dodged            |    63 |     3 ||    66

Table legend:
 A = Non-vault XP
 B = Vault XP
 C = Vault XP percentage of total XP
 D = Non-vault monster count
 E = Vault monster count
 F = Vault count percentage of total count
                 A         B        C        D         E       F
            +---------+---------+-------+---------+---------+-------
      Total |      81 |      65 |  44.5 |      37 |       9 |  19.6
            +---------+---------+-------+---------+---------+-------
        D:1 |      21 |       0 |   0.0 |      13 |       0 |   0.0
        D:2 |      60 |      65 |  52.0 |      24 |       9 |  27.3
            +---------+---------+-------+---------+---------+-------
